Canucks vs Jets

Created - Thursday, April 21, 2016 at 01:49

Goals
1 2 3 OT1 T
Canucks 0 1 0 1 2
Jets 0 0 1 0 1
Shots
1 2 3 OT1 T
Canucks 6 8 7 7 28
Jets 13 7 9 4 33

1st period

No Goal

Penalties :
Alex Tanguay (Van) for Holding (Minor) at 4:13, Victor Hedman (Wpg) for Holding (Minor) at 7:49, Craig Smith (Van) for Tripping (Minor) at 8:31, Antoine Roussel (Van) for Hooking (Minor) at 10:12, Andrei Markov (Van) for Hooking (Minor) at 14:08, Craig Smith (Van) for Roughing (Minor) at 18:01

2nd period

1. Canucks , Alex Tanguay 2 (Derick Brassard) at 1:38 (SH)

Penalties :
Clarke MacArthur (Van) for High sticking (Double Minor) at 0:33, Ryan Getzlaf (Wpg) for Cross-checking (Minor) at 8:43, Andrei Markov (Van) for Holding (Minor) at 9:02

3rd period

2. Jets , Alex Ovechkin 5 (Ryan Getzlaf) at 19:26 (PP)

Penalties :
Mats Zuccarello (Van) for Roughing (Minor) at 9:41, Antoine Roussel (Van) for Cross-checking (Minor) at 19:19

Overtime #1

3. Canucks , Mats Zuccarello 2 (Alexander Edler, Nazem Kadri) at 15:38

Penalties :
Jannik Hansen (Van) for Tripping (Minor) at 2:07, Alexander Edler (Van) for Hooking (Minor) at 8:09

Goalie Stats

Ben Bishop (Van), 32 saves from 33 shots - (0.970), W, 3-1-0, 75:38 minutes
Jonathan Quick (Wpg), 26 saves from 28 shots - (0.929), OTL, 1-1-3, 75:22 minutes

Players Stats for Canucks

Player Name              G  A  P  +/- PIM S  H  SB GA TA FO     MP     PP MP  PK MP  
------------------------------------------------------------------------------------
Alex Tanguay             1  0  1   1  2   2  1  0  1  1  0/0    21:37   0:21   5:47 
Alexander Edler          0  1  1   1  2   4  1  0  0  0  0/0    26:50   0:21   6:08 
Andrei Markov            0  0  0   1  4   1  1  2  2  5  0/0    30:19   0:39   9:41 
Antoine Roussel          0  0  0   0  4   1  0  0  1  1  0/0    24:48   0:00  10:08 
Brendan Gallagher        0  0  0   0  0   1  1  0  1  0  1/1    12:14   0:44   0:22 
Christopher Tanev        0  0  0   0  0   0  0  0  0  5  0/0    17:29   0:00   2:35 
Clarke MacArthur         0  0  0   0  4   2  1  1  1  0  1/1    14:47   0:17   0:00 
Craig Smith              0  0  0   1  4   8  0  0  4  0  0/1    20:07   0:16   0:20 
Derick Brassard          0  1  1   1  0   2  3  1  1  0  7/13   26:27   0:17   5:22 
Jack Johnson             0  0  0   1  0   0  5  4  1  3  0/0    33:14   0:40  11:50 
Jannik Hansen            0  0  0   0  2   0  0  0  0  1  0/1     8:09   0:00   0:00 
Jay Beagle               0  0  0   0  0   0  2  2  0  0  10/23  24:48   0:00  11:41 
Joel Ward                0  0  0   0  0   1  0  0  0  0  0/0    12:11   0:00   3:03 
Justin Braun             0  0  0   0  0   0  0  0  0  0  0/0     0:00   0:00   0:00 
Mats Zuccarello          1  0  1   1  2   3  1  1  2  1  0/2    18:59   0:44   0:00 
Nazem Kadri              0  1  1   1  0   2  3  0  1  0  9/14   20:13   0:44   0:22 
Nick Leddy               0  0  0   0  0   0  1  0  0  0  0/0    16:23   0:00   0:18 
Willie Mitchell          0  0  0   1  0   1  0  4  0  0  0/0    27:27   0:00   6:52 

Players Stats for Jets

Player Name              G  A  P  +/- PIM S  H  SB GA TA FO     MP     PP MP  PK MP  
------------------------------------------------------------------------------------
Alex Ovechkin            1  0  1   0  0   3  5  2  6  0  1/2    28:06   8:45   0:00 
Blake Wheeler            0  0  0  -1  0   2  4  0  2  0  0/1    20:21   8:37   0:00 
Brad Stuart              0  0  0   0  0   2  0  0  1  0  0/0    16:46   0:00   0:52 
Claude Giroux            0  0  0  -1  0   3  1  0  2  0  4/9    16:38   0:00   0:19 
Erik Johnson             0  0  0  -2  0   3  3  1  0  3  0/0    32:24  11:06   0:09 
Filip Forsberg           0  0  0  -2  0   0  3  0  2  0  0/0    24:46   8:14   0:00 
Jake Muzzin              0  0  0  -1  0   4  1  1  0  0  0/0    19:54   0:24   0:00 
Jarret Stoll             0  0  0   0  0   0  1  0  1  0  3/7    10:34   0:00   0:00 
John Carlson             0  0  0   0  0   0  0  0  1  2  0/0    30:00   7:31   0:52 
John Tavares             0  0  0  -1  0   4  1  0  7  1  9/18   26:05   8:37   0:00 
Jussi Jokinen            0  0  0   0  0   1  1  1  0  0  0/0    16:26   0:00   1:01 
Marc Staal               0  0  0   0  0   0  0  0  0  0  0/0     0:00   0:00   0:00 
Oliver Ekman-Larsson     0  0  0  -1  0   3  2  2  1  0  0/0    26:09  11:11   0:09 
Patrick Kane             0  0  0   0  0   5  0  0  2  0  1/3    25:40  10:05   0:00 
Patrik Elias             0  0  0   0  0   1  0  0  4  1  1/1    15:31   1:19   0:00 
Ryan Getzlaf             0  1  1   0  2   0  3  1  4  1  9/15   22:05  10:05   0:42 
Victor Hedman            0  0  0   0  2   1  2  0  0  0  0/0    26:26   7:36   0:00 
Wayne Simmonds           0  0  0  -1  0   1  1  0  1  1  0/0    16:19   0:00   0:00 

3 Stars

1 - Ben Bishop (Van)
2 - Alex Ovechkin (Wpg)
3 - Derick Brassard (Van)

Power Play

Canucks - 0 on 2 Attempt(s) - 0.00%
Jets - 1 on 12 Attempt(s) - 8.33%

Penalty Kill

Canucks - 11 on 12 Attempt(s) - 91.67% - Score 1 goal in Penalty Kill
Jets - 2 on 2 Attempt(s) - 100.00% - Score 0 goal in Penalty Kill

Team Stat

Canucks - Hits : 20 - Faceoff Wins : 28 - Blocked Shots : 15 - Penalty Minutes : 24
Jets - Hits : 28 - Faceoff Wins : 28 - Blocked Shots : 8 - Penalty Minutes : 4

Official

Referees : Unknown
Linesman : Unknown

Game Notes

No Game Note

Finance

Level 1 -- Attendance: 6000 (100.00%) -- Ticket Income $510,000
Level 2 -- Attendance: 5000 (100.00%) -- Ticket Income $275,000
Level 3 -- Attendance: 1965 (98.25%) -- Ticket Income $58,950
Level 4 -- Attendance: 3619 (90.48%) -- Ticket Income $72,380
Luxury Box -- Attendance: 1000 (100.00%) -- Ticket Income $160,000
Game was played at the MTS Center.
Total Attendance: 17584 (97.69%)
Total Ticket Income: $1,076,330
Other Income: $527,402
Total Income: $1,603,732

Canucks

5 vs 5 Forward 
   Center                   Left Wing                Right Wing               Time % Phy DF OF 
 1 Derick Brassard          Clarke MacArthur         Brendan Gallagher        35     1   1  3  
 2 Nazem Kadri              Mats Zuccarello          Craig Smith              32     1   1  3  
 3 Jay Beagle               Antoine Roussel          Alex Tanguay             20     1   2  2  
 4 Derick Brassard          Jannik Hansen            Joel Ward                13     1   3  1  

5 vs 5 Defense 
   Defense                  Defense                                           Time % Phy DF OF 
 1 Jack Johnson             Andrei Markov                                     35     1   2  2  
 2 Alexander Edler          Willie Mitchell                                   30     1   2  2  
 3 Nick Leddy               Christopher Tanev                                 22     1   2  2  
 4 Jack Johnson             Andrei Markov                                     13     1   2  2  

PowerPlay Forward 
   Center                   Left Wing                Right Wing               Time % Phy DF OF 
 1 Derick Brassard          Clarke MacArthur         Craig Smith              60     1   1  3  
 2 Nazem Kadri              Mats Zuccarello          Brendan Gallagher        40     1   1  3  

PowerPlay Defense
   Defense                  Defense                                           Time % Phy DF OF 
 1 Jack Johnson             Andrei Markov                                     60     1   2  2  
 2 Alexander Edler          Alex Tanguay                                      40     1   2  2  

Penalty Kill 4 Players Forward 
   Center                   Wing                     Time % Phy DF OF 
 1 Jay Beagle               Antoine Roussel          60     1   3  1  
 2 Derick Brassard          Alex Tanguay             40     1   3  1  

Penalty Kill 4 Players Defense
   Defense                  Defense                  Time % Phy DF OF 
 1 Jack Johnson             Andrei Markov            60     1   3  1  
 2 Alexander Edler          Willie Mitchell          40     1   3  1  

Penalty Kill - 3 Players Forward 
   Forward                                           Time % Phy DF OF 
 1 Jay Beagle                                        60     1   3  1  
 2 Derick Brassard                                   40     1   3  1  

Penalty Kill - 3 Players Defense
   Defense                  Defense                  Time % Phy DF OF 
 1 Jack Johnson             Andrei Markov            60     1   3  1  
 2 Alexander Edler          Willie Mitchell          40     1   3  1  

4 vs 4 Forward 
   Center                   Wing                     Time % Phy DF OF 
 1 Derick Brassard          Clarke MacArthur         60     1   2  2  
 2 Nazem Kadri              Brendan Gallagher        40     1   2  2  

4 vs 4 Defense
   Defense                  Defense                  Time % Phy DF OF 
 1 Jack Johnson             Andrei Markov            60     1   2  2  
 2 Alexander Edler          Willie Mitchell          40     1   2  2  

Last Minutes Offensive
   Center                   Left Wing                Right Wing               Defense                  Defense                  
   Derick Brassard          Clarke MacArthur         Brendan Gallagher        Jack Johnson             Andrei Markov            

Last Minutes Defensive
   Center                   Left Wing                Right Wing               Defense                  Defense                  
   Jay Beagle               Antoine Roussel          Joel Ward                Jack Johnson             Willie Mitchell          

Goaltenders
Starting : Ben Bishop               
Backup : Mike McKenna             

Extra Forwards
Normal : Craig Smith, Antoine Roussel, Clarke MacArthur - PP : Craig Smith, Antoine Roussel - PK : Joel Ward
Extra Defensemen
Normal : Nick Leddy, Christopher Tanev, Alexander Edler - PP : Nick Leddy - PK : Christopher Tanev, Alexander Edler
Penalty Shots
Derick Brassard, Mats Zuccarello, Joel Ward, Nazem Kadri, Brendan Gallagher

Jets

5 vs 5 Forward 
   Center                   Left Wing                Right Wing               Time % Phy DF OF 
 1 Ryan Getzlaf             Alex Ovechkin            Blake Wheeler            31     0   2  3  
 2 John Tavares             Jussi Jokinen            Patrick Kane             28     0   2  3  
 3 Claude Giroux            Filip Forsberg           Wayne Simmonds           24     1   2  2  
 4 Jarret Stoll             Patrik Elias             Alex Ovechkin            17     1   2  2  

5 vs 5 Defense 
   Defense                  Defense                                           Time % Phy DF OF 
 1 Victor Hedman            John Carlson                                      35     1   2  2  
 2 Oliver Ekman-Larsson     Erik Johnson                                      30     1   2  2  
 3 Jake Muzzin              Brad Stuart                                       22     1   2  2  
 4 Jake Muzzin              Erik Johnson                                      13     1   2  2  

PowerPlay Forward 
   Center                   Left Wing                Right Wing               Time % Phy DF OF 
 1 Ryan Getzlaf             Alex Ovechkin            Patrick Kane             60     1   2  2  
 2 John Tavares             Filip Forsberg           Blake Wheeler            40     1   2  2  

PowerPlay Defense
   Defense                  Defense                                           Time % Phy DF OF 
 1 Oliver Ekman-Larsson     Erik Johnson                                      60     1   2  2  
 2 Victor Hedman            John Carlson                                      40     1   2  2  

Penalty Kill 4 Players Forward 
   Center                   Wing                     Time % Phy DF OF 
 1 Ryan Getzlaf             Jussi Jokinen            60     1   2  2  
 2 Claude Giroux            Blake Wheeler            40     1   2  2  

Penalty Kill 4 Players Defense
   Defense                  Defense                  Time % Phy DF OF 
 1 Brad Stuart              John Carlson             60     1   2  2  
 2 Oliver Ekman-Larsson     Erik Johnson             40     1   2  2  

Penalty Kill - 3 Players Forward 
   Forward                                           Time % Phy DF OF 
 1 Ryan Getzlaf                                      60     1   2  2  
 2 Claude Giroux                                     40     1   2  2  

Penalty Kill - 3 Players Defense
   Defense                  Defense                  Time % Phy DF OF 
 1 Brad Stuart              John Carlson             60     1   2  2  
 2 Oliver Ekman-Larsson     Erik Johnson             40     1   2  2  

4 vs 4 Forward 
   Center                   Wing                     Time % Phy DF OF 
 1 John Tavares             Alex Ovechkin            60     1   2  2  
 2 Ryan Getzlaf             Patrick Kane             40     1   2  2  

4 vs 4 Defense
   Defense                  Defense                  Time % Phy DF OF 
 1 John Carlson             Erik Johnson             60     1   2  2  
 2 Oliver Ekman-Larsson     Jake Muzzin              40     1   2  2  

Last Minutes Offensive
   Center                   Left Wing                Right Wing               Defense                  Defense                  
   Ryan Getzlaf             Alex Ovechkin            Blake Wheeler            John Carlson             Erik Johnson             

Last Minutes Defensive
   Center                   Left Wing                Right Wing               Defense                  Defense                  
   Ryan Getzlaf             Alex Ovechkin            Blake Wheeler            John Carlson             Erik Johnson             

Goaltenders
Starting : Jonathan Quick           
Backup : Jake Allen               

Extra Forwards
Normal : John Tavares, Patrik Elias, Jussi Jokinen - PP : John Tavares, Patrik Elias - PK : Jussi Jokinen
Extra Defensemen
Normal : Jake Muzzin, Erik Johnson, Oliver Ekman-Larsson - PP : Jake Muzzin - PK : Erik Johnson, Oliver Ekman-Larsson
Penalty Shots
Alex Ovechkin, Ryan Getzlaf, Claude Giroux, Blake Wheeler, Jussi Jokinen

% Time on Ice - Canucks

Lines # - Real PCT - Wanted PCT - Time Play
Normal Forward
1 - 24% - 35% - 12:42
2 - 39% - 32% - 20:38
3 - 22% - 20% - 11:25
4 - 15% - 13% - 7:55
Normal Defense
1 - 32% - 35% - 16:41
2 - 36% - 30% - 19:08
3 - 28% - 22% - 14:54
4 - 4% - 13% - 1:57
PP Forward
1 - 28% - 60% - 0:17
2 - 72% - 40% - 0:44
PP Defense
1 - 66% - 60% - 0:40
2 - 34% - 40% - 0:21
PK Forward
1 - 69% - 60% - 12:44
2 - 31% - 40% - 5:40
PK Defense
1 - 64% - 60% - 11:50
2 - 36% - 40% - 6:34
PK3 Forward
1 - 100% - 60% - 0:18
2 - 0% - 40% - 0:00
PK3 Defense
1 - 0% - 60% - 0:00
2 - 100% - 40% - 0:18
44 Forward
1 - 85% - 60% - 2:31
2 - 15% - 40% - 0:26
44 Defense
1 - 61% - 60% - 1:48
2 - 39% - 40% - 1:09
Last Minute Offensive  - 0:00
Last Minute Defensive  - 0:18
Total
Forward - 75:38
Defense - 75:38

% Time on Ice - Jets

Lines # - Real PCT - Wanted PCT - Time Play
Normal Forward
1 - 21% - 31% - 11:06
2 - 28% - 28% - 14:59
3 - 31% - 24% - 16:19
4 - 20% - 17% - 10:34
Normal Defense
1 - 34% - 35% - 18:07
2 - 30% - 30% - 15:44
3 - 30% - 22% - 15:54
4 - 6% - 13% - 3:13
PP Forward
1 - 50% - 60% - 9:22
2 - 50% - 40% - 9:20
PP Defense
1 - 59% - 60% - 11:06
2 - 41% - 40% - 7:36
PK Forward
1 - 100% - 60% - 1:01
2 - 0% - 40% - 0:00
PK Defense
1 - 85% - 60% - 0:52
2 - 15% - 40% - 0:09
PK3 Forward
1 - 0% - 60%
2 - 0% - 40%
PK3 Defense
1 - 0% - 60%
2 - 0% - 40%
44 Forward
1 - 91% - 60% - 2:41
2 - 9% - 40% - 0:16
44 Defense
1 - 99% - 60% - 2:56
2 - 1% - 40% - 0:01
Last Minute Offensive  - 0:00
Last Minute Defensive  - 0:00
Total
Forward - 75:38
Defense - 75:38

Play by Play

1st period


0:01 of 1st period - Brendan Gallagher wins face-off versus Ryan Getzlaf in neutral zone.
0:54 of 1st period - Snap shot by Craig Smith.
0:54 of 1st period - Shot Misses the Net.
0:56 of 1st period - Slapshot by Willie Mitchell.
0:56 of 1st period - Deflect By Nazem Kadri.
0:56 of 1st period - Shot Misses the Net.
0:56 of 1st period - Puck is out of play.
0:57 of 1st period - John Tavares wins face-off versus Nazem Kadri in Jets zone.
1:14 of 1st period - Wrist shot by Craig Smith.
1:14 of 1st period - Stopped by Jonathan Quick without a rebound.
1:15 of 1st period - Jay Beagle wins face-off versus John Tavares in Jets zone.
1:19 of 1st period - Off-side.
1:20 of 1st period - Claude Giroux wins face-off versus Jay Beagle in neutral zone.
1:33 of 1st period - Snap shot by Filip Forsberg.
1:33 of 1st period - Shot Misses the Net.
2:06 of 1st period - Icing by Jay Beagle.
2:07 of 1st period - Derick Brassard wins face-off versus John Tavares in Canucks zone.
2:24 of 1st period - Snap shot by Derick Brassard.
2:24 of 1st period - Shot Hit the Post.
2:36 of 1st period - Slapshot by Patrick Kane.
2:36 of 1st period - Shot Misses the Net.
2:38 of 1st period - Snap shot by Jussi Jokinen.
2:38 of 1st period - Shot Blocked by Jack Johnson.
2:40 of 1st period - Snap shot by Erik Johnson.
2:40 of 1st period - Shot Misses the Net.
3:02 of 1st period - Andrei Markov is hit by Alex Ovechkin and loses puck.
4:13 of 1st period - Minor Penalty to Alex Tanguay for Holding.
4:14 of 1st period - Ryan Getzlaf wins face-off versus Jay Beagle in Canucks zone.
4:15 of 1st period - Wrist shot by Patrick Kane.
4:15 of 1st period - Stopped by Ben Bishop without a rebound.
4:16 of 1st period - Ryan Getzlaf wins face-off versus Jay Beagle in Canucks zone.
4:32 of 1st period - Alexander Edler is hit by Erik Johnson.
5:50 of 1st period - Snap shot by Alex Ovechkin.
5:50 of 1st period - Shot Misses the Net.
5:52 of 1st period - Backhand shot by Alex Ovechkin.
5:52 of 1st period - Stopped by Ben Bishop with a rebound.
6:13 of 1st period - Penalty to Alex Tanguay is over, Alex Tanguay is back on ice.
7:32 of 1st period - Christopher Tanev is hit by Jake Muzzin.
7:49 of 1st period - Minor Penalty to Victor Hedman for Holding.
7:50 of 1st period - Ryan Getzlaf wins face-off versus Mats Zuccarello in Jets zone.
8:31 of 1st period - Minor Penalty to Craig Smith for Tripping.
8:32 of 1st period - John Tavares wins face-off versus Derick Brassard in Canucks zone.
9:34 of 1st period - Wrist shot by Clarke MacArthur.
9:34 of 1st period - Shot Misses the Net.
9:49 of 1st period - Penalty to Victor Hedman is over, Victor Hedman is back on ice.
10:10 of 1st period - Slapshot by Oliver Ekman-Larsson.
10:10 of 1st period - Shot Misses the Net.
10:12 of 1st period - Minor Penalty to Antoine Roussel for Hooking.
10:13 of 1st period - Jay Beagle wins face-off versus John Tavares in Canucks zone.
10:31 of 1st period - Penalty to Craig Smith is over, Craig Smith is back on ice.
10:38 of 1st period - Slapshot by Alexander Edler.
10:38 of 1st period - Stopped by Jonathan Quick with a rebound.
10:40 of 1st period - Slapshot by Willie Mitchell.
10:40 of 1st period - Shot Blocked by Oliver Ekman-Larsson.
10:50 of 1st period - Wrist shot by Craig Smith.
10:50 of 1st period - Stopped by Jonathan Quick without a rebound.
10:51 of 1st period - Jay Beagle wins face-off versus Patrick Kane in Jets zone.
10:52 of 1st period - Slapshot by Andrei Markov.
10:52 of 1st period - Stopped by Jonathan Quick with a rebound.
11:00 of 1st period - Snap shot by Patrick Kane.
11:00 of 1st period - Shot Blocked by Jay Beagle.
12:12 of 1st period - Penalty to Antoine Roussel is over, Antoine Roussel is back on ice.
12:30 of 1st period - Snap shot by Filip Forsberg.
12:30 of 1st period - Shot Misses the Net.
13:01 of 1st period - Willie Mitchell is hit by Jarret Stoll and loses puck.
13:11 of 1st period - Slapshot by Brad Stuart.
13:11 of 1st period - Stopped by Ben Bishop with a rebound.
13:13 of 1st period - Wrist shot by Patrik Elias.
13:13 of 1st period - Shot Blocked by Willie Mitchell.
13:50 of 1st period - Wrist shot by Craig Smith.
13:50 of 1st period - Stopped by Jonathan Quick with a rebound.
13:56 of 1st period - Snap shot by Craig Smith.
13:56 of 1st period - Shot Blocked by Oliver Ekman-Larsson.
13:58 of 1st period - Slapshot by Christopher Tanev.
13:58 of 1st period - Shot Misses the Net.
14:00 of 1st period - Snap shot by Craig Smith.
14:00 of 1st period - Stopped by Jonathan Quick without a rebound.
14:01 of 1st period - John Tavares wins face-off versus Craig Smith in Jets zone.
14:06 of 1st period - Slapshot by Victor Hedman.
14:06 of 1st period - Shot Misses the Net.
14:08 of 1st period - Minor Penalty to Andrei Markov for Hooking.
14:09 of 1st period - Patrick Kane wins face-off versus Jay Beagle in Canucks zone.
14:16 of 1st period - Snap shot by Patrick Kane.
14:16 of 1st period - Stopped by Ben Bishop with a rebound.
15:24 of 1st period - Christopher Tanev is hit by Blake Wheeler and loses puck.
15:55 of 1st period - Snap shot by Patrick Kane.
15:55 of 1st period - Shot Blocked by Jack Johnson.
15:57 of 1st period - Slapshot by Erik Johnson.
15:57 of 1st period - Shot Misses the Net.
15:59 of 1st period - Slapshot by Erik Johnson.
15:59 of 1st period - Deflect By Christopher Tanev.
15:59 of 1st period - Stopped by Ben Bishop without a rebound.
16:00 of 1st period - Ryan Getzlaf wins face-off versus Jay Beagle in Canucks zone.
16:08 of 1st period - Penalty to Andrei Markov is over, Andrei Markov is back on ice.
16:16 of 1st period - Wrist shot by John Tavares.
16:16 of 1st period - Stopped by Ben Bishop with a rebound.
16:18 of 1st period - Slapshot by Oliver Ekman-Larsson.
16:18 of 1st period - Stopped by Ben Bishop with a rebound.
16:32 of 1st period - Wrist shot by Claude Giroux.
16:32 of 1st period - Shot Misses the Net.
16:34 of 1st period - Snap shot by Claude Giroux.
16:34 of 1st period - Stopped by Ben Bishop with a rebound.
16:36 of 1st period - Slapshot by Jake Muzzin.
16:36 of 1st period - Stopped by Ben Bishop with a rebound.
16:38 of 1st period - Slapshot by Jake Muzzin.
16:38 of 1st period - Stopped by Ben Bishop with a rebound.
16:40 of 1st period - Snap shot by Patrik Elias.
16:40 of 1st period - Deflect By Wayne Simmonds.
16:40 of 1st period - Stopped by Ben Bishop without a rebound.
16:41 of 1st period - Nazem Kadri wins face-off versus Claude Giroux in Canucks zone.
16:50 of 1st period - Wrist shot by Claude Giroux.
16:50 of 1st period - Stopped by Ben Bishop with a rebound.
16:52 of 1st period - Slapshot by Brad Stuart.
16:52 of 1st period - Shot Blocked by Willie Mitchell.
16:54 of 1st period - Snap shot by Jake Muzzin.
16:54 of 1st period - Stopped by Ben Bishop without a rebound.
16:55 of 1st period - Ryan Getzlaf wins face-off versus Nazem Kadri in Canucks zone.
18:01 of 1st period - Minor Penalty to Craig Smith for Roughing.
18:02 of 1st period - Derick Brassard wins face-off versus Patrick Kane in Canucks zone.
18:14 of 1st period - Jack Johnson is hit by Alex Ovechkin and loses puck.
18:29 of 1st period - Slapshot by Derick Brassard.
18:29 of 1st period - Shot Misses the Net.
18:39 of 1st period - Alex Tanguay is hit by Ryan Getzlaf and loses puck.
19:41 of 1st period - Ryan Getzlaf is hit by Jack Johnson and loses puck.
Goals for this period are 0 for Canucks vs 0 for Jets.
Shots for this period are 6 for Canucks vs 13 for Jets.

2nd period


0:01 of 2nd period - Penalty to Craig Smith is over, Craig Smith is back on ice.
0:01 of 2nd period - Jay Beagle wins face-off versus Ryan Getzlaf in neutral zone.
0:05 of 2nd period - Off-side.
0:06 of 2nd period - Jay Beagle wins face-off versus Ryan Getzlaf in neutral zone.
0:19 of 2nd period - Slapshot by Alex Ovechkin.
0:19 of 2nd period - Shot Misses the Net.
0:21 of 2nd period - Slapshot by Oliver Ekman-Larsson.
0:21 of 2nd period - Shot Blocked by Jack Johnson.
0:23 of 2nd period - Slapshot by Oliver Ekman-Larsson.
0:23 of 2nd period - Stopped by Ben Bishop without a rebound.
0:24 of 2nd period - John Tavares wins face-off versus Derick Brassard in Canucks zone.
0:31 of 2nd period - Snap shot by John Tavares.
0:31 of 2nd period - Shot Misses the Net.
0:33 of 2nd period - Double Minor Penalty to Clarke MacArthur for High sticking.
0:34 of 2nd period - Jay Beagle wins face-off versus Ryan Getzlaf in Canucks zone.
1:05 of 2nd period - Snap shot by Alex Ovechkin.
1:05 of 2nd period - Shot Misses the Net.
1:27 of 2nd period - Oliver Ekman-Larsson is hit by Derick Brassard and loses puck.
1:38 of 2nd period - Snap shot by Alex Tanguay.
1:38 of 2nd period - Goal by Alex Tanguay - Canucks : 1 - Jets : 0.
1:39 of 2nd period - Jay Beagle wins face-off versus John Tavares in neutral zone.
1:50 of 2nd period - Wrist shot by John Tavares.
1:50 of 2nd period - Shot Misses the Net.
2:09 of 2nd period - Snap shot by John Tavares.
2:09 of 2nd period - Shot Blocked by Jay Beagle.
2:54 of 2nd period - Jay Beagle is hit by Alex Ovechkin and loses puck.
4:10 of 2nd period - Slapshot by Antoine Roussel.
4:10 of 2nd period - Stopped by Jonathan Quick with a rebound.
4:32 of 2nd period - Wrist shot by Alex Ovechkin.
4:32 of 2nd period - Shot Hit the Post.
4:33 of 2nd period - Penalty to Clarke MacArthur is over, Clarke MacArthur is back on ice.
4:36 of 2nd period - Wrist shot by Ryan Getzlaf.
4:36 of 2nd period - Shot Misses the Net.
4:55 of 2nd period - Wrist shot by Alex Ovechkin.
4:55 of 2nd period - Stopped by Ben Bishop with a rebound.
4:57 of 2nd period - Slapshot by Jake Muzzin.
4:57 of 2nd period - Deflect By Patrik Elias.
4:57 of 2nd period - Stopped by Ben Bishop with a rebound.
4:59 of 2nd period - Slapshot by Brad Stuart.
4:59 of 2nd period - Stopped by Ben Bishop with a rebound.
5:57 of 2nd period - Slapshot by Craig Smith.
5:57 of 2nd period - Stopped by Jonathan Quick with a rebound.
5:59 of 2nd period - Wrist shot by Nick Leddy.
5:59 of 2nd period - Deflect By Nazem Kadri.
5:59 of 2nd period - Shot Misses the Net.
5:59 of 2nd period - Puck is out of play.
6:00 of 2nd period - Jarret Stoll wins face-off versus Nazem Kadri in Jets zone.
6:52 of 2nd period - Craig Smith is hit by Ryan Getzlaf and loses puck.
7:49 of 2nd period - Snap shot by Patrick Kane.
7:49 of 2nd period - Shot Misses the Net.
8:14 of 2nd period - Snap shot by Alex Ovechkin.
8:14 of 2nd period - Shot Misses the Net.
8:30 of 2nd period - Slapshot by Alexander Edler.
8:30 of 2nd period - Stopped by Jonathan Quick with a rebound.
8:32 of 2nd period - Wrist shot by Willie Mitchell.
8:32 of 2nd period - Shot Blocked by Alex Ovechkin.
8:34 of 2nd period - Slapshot by Willie Mitchell.
8:34 of 2nd period - Deflect By Alex Ovechkin.
8:34 of 2nd period - Stopped by Jonathan Quick with a rebound.
8:36 of 2nd period - Backhand shot by Jay Beagle.
8:36 of 2nd period - Shot Blocked by Jake Muzzin.
8:38 of 2nd period - Slapshot by Alexander Edler.
8:38 of 2nd period - Shot Blocked by Alex Ovechkin.
8:40 of 2nd period - Wrist shot by Alex Tanguay.
8:40 of 2nd period - Stopped by Jonathan Quick without a rebound.
8:41 of 2nd period - Ryan Getzlaf wins face-off versus Jay Beagle in Jets zone.
8:43 of 2nd period - Minor Penalty to Ryan Getzlaf for Cross-checking.
8:44 of 2nd period - Nazem Kadri wins face-off versus Claude Giroux in Jets zone.
8:54 of 2nd period - Slapshot by Mats Zuccarello.
8:54 of 2nd period - Shot Blocked by Jussi Jokinen.
8:56 of 2nd period - Snap shot by Nazem Kadri.
8:56 of 2nd period - Stopped by Jonathan Quick without a rebound.
8:57 of 2nd period - Claude Giroux wins face-off versus Mats Zuccarello in Jets zone.
9:02 of 2nd period - Minor Penalty to Andrei Markov for Holding.
9:03 of 2nd period - John Tavares wins face-off versus Derick Brassard in Canucks zone.
10:43 of 2nd period - Penalty to Ryan Getzlaf is over, Ryan Getzlaf is back on ice.
10:59 of 2nd period - Nazem Kadri is hit by Ryan Getzlaf and loses puck.
11:02 of 2nd period - Penalty to Andrei Markov is over, Andrei Markov is back on ice.
11:06 of 2nd period - Snap shot by Nazem Kadri.
11:06 of 2nd period - Shot Misses the Net.
11:32 of 2nd period - Jake Muzzin is hit by Jay Beagle and loses puck.
12:00 of 2nd period - Brad Stuart is hit by Nazem Kadri and loses puck.
12:07 of 2nd period - Slapshot by Craig Smith.
12:07 of 2nd period - Shot Misses the Net.
12:09 of 2nd period - Slapshot by Christopher Tanev.
12:09 of 2nd period - Shot Blocked by Ryan Getzlaf.
12:43 of 2nd period - Backhand shot by John Tavares.
12:43 of 2nd period - Shot Misses the Net.
12:55 of 2nd period - Antoine Roussel is hit by Oliver Ekman-Larsson.
13:46 of 2nd period - Snap shot by John Tavares.
13:46 of 2nd period - Shot Blocked by Willie Mitchell.
13:50 of 2nd period - Snap shot by John Tavares.
13:50 of 2nd period - Stopped by Ben Bishop without a rebound.
13:51 of 2nd period - John Tavares wins face-off versus Nazem Kadri in Canucks zone.
14:24 of 2nd period - Jake Muzzin is hit by Jack Johnson and loses puck.
14:31 of 2nd period - Wrist shot by Derick Brassard.
14:31 of 2nd period - Shot Misses the Net.
15:09 of 2nd period - Snap shot by Mats Zuccarello.
15:09 of 2nd period - Deflect By Craig Smith.
15:09 of 2nd period - Stopped by Jonathan Quick with a rebound.
15:11 of 2nd period - Wrist shot by Craig Smith.
15:11 of 2nd period - Shot Misses the Net.
15:35 of 2nd period - Slapshot by John Tavares.
15:35 of 2nd period - Stopped by Ben Bishop with a rebound.
16:08 of 2nd period - Slapshot by Oliver Ekman-Larsson.
16:08 of 2nd period - Shot Blocked by Willie Mitchell.
16:10 of 2nd period - Slapshot by Oliver Ekman-Larsson.
16:10 of 2nd period - Stopped by Ben Bishop with a rebound.
17:18 of 2nd period - Mats Zuccarello is hit by Blake Wheeler and loses puck.
18:09 of 2nd period - Jake Muzzin is hit by Alex Tanguay and loses puck.
18:55 of 2nd period - Filip Forsberg is hit by Jack Johnson and loses puck.
19:21 of 2nd period - John Carlson is hit by Nick Leddy and loses puck.
Goals for this period are 1 for Canucks vs 0 for Jets.
Shots for this period are 8 for Canucks vs 7 for Jets.

3rd period


0:01 of 3rd period - Ryan Getzlaf wins face-off versus Derick Brassard in neutral zone.
0:24 of 3rd period - Slapshot by Alex Ovechkin.
0:24 of 3rd period - Shot Blocked by Andrei Markov.
0:26 of 3rd period - Snap shot by Ryan Getzlaf.
0:26 of 3rd period - Shot Blocked by Clarke MacArthur.
0:28 of 3rd period - Slapshot by Victor Hedman.
0:28 of 3rd period - Deflect By Blake Wheeler.
0:28 of 3rd period - Stopped by Ben Bishop with a rebound.
0:30 of 3rd period - Snap shot by Ryan Getzlaf.
0:30 of 3rd period - Deflect By Blake Wheeler.
0:30 of 3rd period - Shot Blocked by Andrei Markov.
0:30 of 3rd period - Puck is out of play.
0:31 of 3rd period - John Tavares wins face-off versus Jay Beagle in Canucks zone.
0:42 of 3rd period - Snap shot by John Tavares.
0:42 of 3rd period - Stopped by Ben Bishop without a rebound.
0:43 of 3rd period - John Tavares wins face-off versus Jay Beagle in Canucks zone.
1:35 of 3rd period - Ryan Getzlaf is hit by Alexander Edler and loses puck.
2:34 of 3rd period - Mats Zuccarello is hit by Claude Giroux and loses puck.
2:39 of 3rd period - Wrist shot by Claude Giroux.
2:39 of 3rd period - Shot Misses the Net.
4:32 of 3rd period - Off-side.
4:33 of 3rd period - Claude Giroux wins face-off versus Derick Brassard in neutral zone.
5:14 of 3rd period - Alex Tanguay is hit by Jussi Jokinen and loses puck.
5:41 of 3rd period - Jack Johnson is hit by Erik Johnson and loses puck.
5:51 of 3rd period - Off-side.
5:52 of 3rd period - Nazem Kadri wins face-off versus Jarret Stoll in neutral zone.
6:25 of 3rd period - Snap shot by Mats Zuccarello.
6:25 of 3rd period - Shot Misses the Net.
6:31 of 3rd period - Alexander Edler is hit by Filip Forsberg and loses puck.
6:50 of 3rd period - Jussi Jokinen is hit by Clarke MacArthur and loses puck.
8:11 of 3rd period - Victor Hedman is hit by Mats Zuccarello.
8:12 of 3rd period - Icing by Victor Hedman.
8:13 of 3rd period - Nazem Kadri wins face-off versus Claude Giroux in Jets zone.
8:30 of 3rd period - Slapshot by Claude Giroux.
8:30 of 3rd period - Shot Misses the Net.
8:44 of 3rd period - Willie Mitchell is hit by Victor Hedman and loses puck.
8:55 of 3rd period - Snap shot by Patrik Elias.
8:55 of 3rd period - Shot Misses the Net.
8:57 of 3rd period - Slapshot by Jake Muzzin.
8:57 of 3rd period - Stopped by Ben Bishop without a rebound.
8:58 of 3rd period - Jay Beagle wins face-off versus Jarret Stoll in Canucks zone.
9:41 of 3rd period - Minor Penalty to Mats Zuccarello for Roughing.
9:42 of 3rd period - Jay Beagle wins face-off versus John Tavares in Canucks zone.
9:42 of 3rd period - Jay Beagle is hit by Blake Wheeler.
10:35 of 3rd period - Jay Beagle is hit by Oliver Ekman-Larsson and loses puck.
11:12 of 3rd period - Victor Hedman is hit by Andrei Markov and loses puck.
11:35 of 3rd period - Backhand shot by John Tavares.
11:35 of 3rd period - Shot Misses the Net.
11:37 of 3rd period - Snap shot by John Tavares.
11:37 of 3rd period - Deflect By Blake Wheeler.
11:37 of 3rd period - Stopped by Ben Bishop with a rebound.
11:39 of 3rd period - Snap shot by John Carlson.
11:39 of 3rd period - Shot Blocked by Jack Johnson.
11:41 of 3rd period - Penalty to Mats Zuccarello is over, Mats Zuccarello is back on ice.
11:41 of 3rd period - Slapshot by John Carlson.
11:41 of 3rd period - Shot Blocked by Derick Brassard.
12:17 of 3rd period - Willie Mitchell is hit by Wayne Simmonds and loses puck.
12:57 of 3rd period - Derick Brassard is hit by John Tavares and loses puck.
13:04 of 3rd period - Wrist shot by John Tavares.
13:04 of 3rd period - Shot Misses the Net.
13:06 of 3rd period - Snap shot by John Carlson.
13:06 of 3rd period - Shot Misses the Net.
13:08 of 3rd period - Slapshot by Victor Hedman.
13:08 of 3rd period - Stopped by Ben Bishop without a rebound.
13:09 of 3rd period - Derick Brassard wins face-off versus John Tavares in Canucks zone.
13:18 of 3rd period - Wrist shot by Derick Brassard.
13:18 of 3rd period - Stopped by Jonathan Quick with a rebound.
14:07 of 3rd period - Off-side.
14:08 of 3rd period - Jarret Stoll wins face-off versus Nazem Kadri in neutral zone.
14:23 of 3rd period - Snap shot by Jussi Jokinen.
14:23 of 3rd period - Shot Misses the Net.
14:25 of 3rd period - Slapshot by Erik Johnson.
14:25 of 3rd period - Stopped by Ben Bishop with a rebound.
14:27 of 3rd period - Wrist shot by Jussi Jokinen.
14:27 of 3rd period - Stopped by Ben Bishop without a rebound.
14:28 of 3rd period - Nazem Kadri wins face-off versus Jarret Stoll in Canucks zone.
14:53 of 3rd period - Snap shot by Jussi Jokinen.
14:53 of 3rd period - Shot Misses the Net.
15:08 of 3rd period - Andrei Markov is hit by Alex Ovechkin and loses puck.
15:31 of 3rd period - Antoine Roussel is hit by Victor Hedman and loses puck.
15:42 of 3rd period - Victor Hedman is hit by Jay Beagle and loses puck.
16:03 of 3rd period - Wrist shot by Craig Smith.
16:03 of 3rd period - Shot Misses the Net.
16:05 of 3rd period - Snap shot by Alexander Edler.
16:05 of 3rd period - Stopped by Jonathan Quick with a rebound.
16:23 of 3rd period - Slapshot by Joel Ward.
16:23 of 3rd period - Shot Misses the Net.
16:53 of 3rd period - Off-side.
16:54 of 3rd period - Jarret Stoll wins face-off versus Jay Beagle in neutral zone.
17:25 of 3rd period - Claude Giroux is hit by Nazem Kadri and loses puck.
17:49 of 3rd period - Snap shot by Brendan Gallagher.
17:49 of 3rd period - Stopped by Jonathan Quick with a rebound.
18:08 of 3rd period - Snap shot by Patrick Kane.
18:08 of 3rd period - Stopped by Ben Bishop without a rebound.
18:09 of 3rd period - Nazem Kadri wins face-off versus John Tavares in Canucks zone.
19:10 of 3rd period - Jets, Jonathan Quick is pulled from the net.
19:19 of 3rd period - Minor Penalty to Antoine Roussel for Cross-checking.
19:20 of 3rd period - Alex Ovechkin wins face-off versus Jay Beagle in Canucks zone.
19:26 of 3rd period - Snap shot by Alex Ovechkin.
19:26 of 3rd period - Goal by Alex Ovechkin - Canucks : 1 - Jets : 1.
19:26 of 3rd period - Jonathan Quick from Jets was sent back in the game.
19:27 of 3rd period - Nazem Kadri wins face-off versus John Tavares in neutral zone.
19:42 of 3rd period - Wrist shot by Mats Zuccarello.
19:42 of 3rd period - Stopped by Jonathan Quick with a rebound.
19:44 of 3rd period - Wrist shot by Jack Johnson.
19:44 of 3rd period - Shot Misses the Net.
19:46 of 3rd period - Wrist shot by Craig Smith.
19:46 of 3rd period - Stopped by Jonathan Quick with a rebound.
19:48 of 3rd period - Snap shot by Mats Zuccarello.
19:48 of 3rd period - Stopped by Jonathan Quick with a rebound.
19:50 of 3rd period - Wrist shot by Nazem Kadri.
19:50 of 3rd period - Stopped by Jonathan Quick without a rebound.
19:51 of 3rd period - Claude Giroux wins face-off versus Derick Brassard in Jets zone.
Goals for this period are 0 for Canucks vs 1 for Jets.
Shots for this period are 7 for Canucks vs 9 for Jets.

Overtime #1


0:01 of 1st overtime period - Derick Brassard wins face-off versus Blake Wheeler in neutral zone.
0:27 of 1st overtime period - Clarke MacArthur is hit by Blake Wheeler and loses puck.
0:36 of 1st overtime period - Erik Johnson is hit by Derick Brassard and loses puck.
1:54 of 1st overtime period - Snap shot by Filip Forsberg.
1:54 of 1st overtime period - Shot Misses the Net.
1:56 of 1st overtime period - Snap shot by Filip Forsberg.
1:56 of 1st overtime period - Shot Blocked by Mats Zuccarello.
1:58 of 1st overtime period - Snap shot by Claude Giroux.
1:58 of 1st overtime period - Stopped by Ben Bishop without a rebound.
1:59 of 1st overtime period - Patrik Elias wins face-off versus Jannik Hansen in Canucks zone.
2:07 of 1st overtime period - Minor Penalty to Jannik Hansen for Tripping.
2:08 of 1st overtime period - Ryan Getzlaf wins face-off versus Jay Beagle in Canucks zone.
4:07 of 1st overtime period - Penalty to Jannik Hansen is over, Jannik Hansen is back on ice.
4:08 of 1st overtime period - John Carlson is hit by Derick Brassard and loses puck.
4:19 of 1st overtime period - Wrist shot by Alex Tanguay.
4:19 of 1st overtime period - Shot Misses the Net.
4:21 of 1st overtime period - Slapshot by Nick Leddy.
4:21 of 1st overtime period - Deflect By Derick Brassard.
4:21 of 1st overtime period - Stopped by Jonathan Quick without a rebound.
4:22 of 1st overtime period - Nazem Kadri wins face-off versus Alex Ovechkin in Jets zone.
4:25 of 1st overtime period - Snap shot by Craig Smith.
4:25 of 1st overtime period - Stopped by Jonathan Quick without a rebound.
4:26 of 1st overtime period - Nazem Kadri wins face-off versus Jarret Stoll in Jets zone.
5:58 of 1st overtime period - Snap shot by Derick Brassard.
5:58 of 1st overtime period - Deflect By Clarke MacArthur.
5:58 of 1st overtime period - Stopped by Jonathan Quick without a rebound.
5:59 of 1st overtime period - Derick Brassard wins face-off versus Ryan Getzlaf in Jets zone.
6:18 of 1st overtime period - Snap shot by Joel Ward.
6:18 of 1st overtime period - Stopped by Jonathan Quick without a rebound.
6:19 of 1st overtime period - Derick Brassard wins face-off versus Ryan Getzlaf in Jets zone.
7:23 of 1st overtime period - Claude Giroux is hit by Jack Johnson and loses puck.
8:09 of 1st overtime period - Minor Penalty to Alexander Edler for Hooking.
8:10 of 1st overtime period - Ryan Getzlaf wins face-off versus Jay Beagle in Canucks zone.
8:15 of 1st overtime period - Snap shot by Ryan Getzlaf.
8:15 of 1st overtime period - Shot Misses the Net.
9:35 of 1st overtime period - Joel Ward is hit by Erik Johnson and loses puck.
9:53 of 1st overtime period - Alex Tanguay is hit by Filip Forsberg and loses puck.
10:09 of 1st overtime period - Penalty to Alexander Edler is over, Alexander Edler is back on ice.
10:31 of 1st overtime period - Ryan Getzlaf is hit by Nazem Kadri and loses puck.
11:06 of 1st overtime period - Snap shot by Clarke MacArthur.
11:06 of 1st overtime period - Stopped by Jonathan Quick without a rebound.
11:07 of 1st overtime period - Clarke MacArthur wins face-off versus Claude Giroux in Jets zone.
11:26 of 1st overtime period - Slapshot by Claude Giroux.
11:26 of 1st overtime period - Shot Misses the Net.
12:32 of 1st overtime period - Jack Johnson is hit by Alex Ovechkin and loses puck.
12:55 of 1st overtime period - Jay Beagle is hit by Filip Forsberg and loses puck.
13:10 of 1st overtime period - John Carlson is hit by Jack Johnson and loses puck.
13:25 of 1st overtime period - Icing by Antoine Roussel.
13:26 of 1st overtime period - Derick Brassard wins face-off versus Claude Giroux in Canucks zone.
13:38 of 1st overtime period - Filip Forsberg is hit by Brendan Gallagher and loses puck.
14:48 of 1st overtime period - Snap shot by Patrick Kane.
14:48 of 1st overtime period - Stopped by Ben Bishop without a rebound.
14:49 of 1st overtime period - John Tavares wins face-off versus Jay Beagle in Canucks zone.
14:50 of 1st overtime period - Snap shot by Patrick Kane.
14:50 of 1st overtime period - Stopped by Ben Bishop with a rebound.
14:52 of 1st overtime period - Backhand shot by Erik Johnson.
14:52 of 1st overtime period - Stopped by Ben Bishop without a rebound.
14:53 of 1st overtime period - Jay Beagle wins face-off versus John Tavares in Canucks zone.
15:32 of 1st overtime period - Snap shot by Nazem Kadri.
15:32 of 1st overtime period - Shot Blocked by Erik Johnson.
15:34 of 1st overtime period - Slapshot by Alexander Edler.
15:34 of 1st overtime period - Stopped by Jonathan Quick with a rebound.
15:36 of 1st overtime period - Slapshot by Alexander Edler.
15:36 of 1st overtime period - Shot Misses the Net.
15:38 of 1st overtime period - Slapshot by Mats Zuccarello.
15:38 of 1st overtime period - Goal by Mats Zuccarello - Canucks : 2 - Jets : 1.
Goals for this period are 1 for Canucks vs 0 for Jets.
Shots for this period are 7 for Canucks vs 4 for Jets.